 Dungeon Crawl Stone Soup version 0.31.0 (webtiles) character file.

Game seed: 6956475423954092545

45 qw the Shooter (level 3, 0/22 HPs)
             Began as a Gargoyle Hunter on Jan 19, 2024.
             Slain by Sigmund
             ... wielding a +0 scythe
              (6 damage)
             ... on level 2 of the Dungeon.
             The game lasted 00:00:03 (895 turns).

qw the Shooter (Gargoyle Hunter)                     Turns: 895, Time: 00:00:04

Health: 0/22       AC:  6    Str: 14    XL:     3   Next: 64%
Magic:  3/3        EV: 11    Int:  9    God:
Gold:   28         SH:  0    Dex: 15    Spells: 2/2 levels left

rFire   . . .        a - +0 shortbow
rCold   . . .        (shield currently unavailable)
rNeg    + . .        c - +0 leather armour
rPois   inf          (no helmet)
rElec   +            (no cloak)
rCorr   .            (no gloves)
SInv    .            (no boots)
Will    .....        (no amulet)
Stlth   ++           (no ring)
HPRegen 0.23/turn    (no ring)
MPRegen 0.08/turn

%: clarity
@: on berserk cooldown, slowed, very slow
A: sickness immunity, AC +3, negative energy resistance 1, electricity
resistance, torment resistance 1, petrification resistance, clarity
a: no special abilities


You were on level 2 of the Dungeon.
You visited 1 branch of the dungeon, and saw 2 of its levels.

You collected 48 gold pieces.
You spent 20 gold pieces at shops.


Innate Abilities, Weirdness & Mutations

You are immune to sickness and miasma.
Your stone body is resilient. (AC +3)
You are immune to poison.
You resist negative energy. (rN+)
You are resistant to electric shocks. (rElec)
You are resistant to unholy torment.
You are immune to petrification.
You possess an exceptional clarity of mind.


   Skills:
 + Level 2.8 Fighting
 - Level 5.0 Ranged Weapons
 - Level 1.5 Dodging
 - Level 1.1 Stealth


You had 2 spell levels left.
You didn't know any spells.
Your spell library was empty.

Inventory:

Hand Weapons
 a - a +0 shortbow (weapon)
Armour
 c - a +0 leather armour (worn)
Scrolls
 b - 3 scrolls of identify
 e - a scroll of enchant weapon {unknown}
 f - a scroll of revelation {unknown}

Dungeon Overview and Level Annotations

Branches:
Dungeon (2/15)

Altars:

Shops:
D:2 *

Annotations:
D:2 Sigmund


Message History

884 ||| DRINKING fuming purple potion.
It was a potion of mutation.
You feel extremely strange.
Your thoughts seem clearer.
Sigmund misses you.
885 ||| DRINKING fuming inky potion.
It was a potion of berserk rage.
A red film seems to cover your vision as you go berserk!
You feel yourself moving faster!
You feel mighty! Sigmund barely misses you.
You feel a strong urge to attack something.
Sigmund casts a spell at you. The puff of flame hits you.
You feel your anger nearly subside.
You are no longer berserk.
You are exhausted.
You feel yourself slow down.
Sigmund hits you from afar with a +0 scythe!
You feel less confused.
Sigmund points at you and mumbles some strange words.
The magic dart hits you but does no damage.
You shoot an arrow. The arrow hits Sigmund!
Sigmund is moderately wounded.
Sigmund barely misses you.
You shoot an arrow. The arrow hits Sigmund.
Sigmund is heavily wounded.
Sigmund gestures at you while chanting. You resist with significant effort.
Sigmund hits you but does no damage.
You shoot an arrow.
The arrow hits Sigmund but does no damage.
Sigmund is moderately wounded.
Sigmund closely misses you.
The great orb of eyes pulsates ominously.
You shoot an arrow. The arrow completely misses Sigmund.
Sigmund hits you from afar with a +0 scythe.
You shoot an arrow. The arrow barely misses Sigmund.
Sigmund points at you and mumbles some strange words.
The magic dart hits you. Sigmund says, "I'm your fate."
Sigmund hits you from afar with a +0 scythe.
You die...
Sigmund begins carving another notch in his scythe.

####### #########
......##########........
......##........@.@...$.
......##.###...###......
......##.#G#...#G#......
#..#####.###...###.....>
#..........)............
#.#####......_..........
#.# #.................
..# #..###...###......
..# #..#G#...#G#.....


You could see a great orb of eyes and Sigmund.

Vanquished Creatures
  A ribbon worm (D:2)
  A dart slug (D:1)
  3 ball pythons
  2 bats (D:2)
  2 endoplasms
  3 giant cockroaches
  7 goblins
  2 hobgoblins (D:1)
  2 jackals (D:1)
  2 quokkas (D:1)
  A frilled lizard (D:1)
  6 kobolds
  2 rats (D:1)
34 creatures vanquished.

Notes
Turn   | Place    | Note
-------+----------+-------------------------------------------
     0 | D:1      | qw the Gargoyle Hunter began the quest for the Orb.
     0 | D:1      | Reached XP level 1. HP: 12/12 MP: 1/1
     0 | D:1      | 0 ||| qw: Version: 0.3-a-132-g3d54051
     0 | D:1      | 0 ||| qw: Game counter: 72
     0 | D:1      | 0 ||| qw: Melee chars always use a shield: true
     0 | D:1      | 0 ||| qw: God list: Okawaru
     0 | D:1      | 0 ||| qw: Allow faded altars: false
     0 | D:1      | 0 ||| qw: Do Orc after clearing Dungeon:15 true
     0 | D:1      | 0 ||| qw: Do second Lair branch before Depths: true
     0 | D:1      | 0 ||| qw: Lair rune preference: random
     0 | D:1      | 0 ||| qw: Goals: Normal
     0 | D:1      | 0 ||| PLANNING D:1-11
   102 | D:1      | Reached XP level 2. HP: 17/17 MP: 2/2
   430 | D:1      | Reached XP level 3. HP: 21/21 MP: 3/3
   455 | D:1      | Reached skill level 5 in Ranged Weapons
   569 | D:1      | 569 ||| READING scroll labelled DUNWAY OFITAE.
   570 | D:1      | 570 ||| READING scroll labelled BOXKA XORCHAEXA.
   574 | D:1      | 574 ||| READING scroll labelled ESORAL WIRO.
   574 | D:1      | 574 ||| ENCHANTING +0 shortbow.
   575 | D:1      | 575 ||| DROPPING scroll of butterflies.
   682 | D:2      | Found Ulypo's General Store.
   692 | D:2      | 692 ||| SHOPLISTING ring of willpower (250 gold, have 38).
   692 | D:2      | 692 ||| SHOPLISTING scroll of brand weapon (95 gold, have
                  | 38).
   692 | D:2      | 692 ||| BUYING scroll of identify (20 gold).
   692 | D:2      | Bought a scroll of identify for 20 gold pieces
   692 | D:2      | 692 ||| SHOPLISTING scroll of teleportation (30 gold, have
                  | 18).
   693 | D:2      | Noticed a great orb of eyes
   695 | D:2      | Found a faded altar of an unknown god.
   697 | D:2      | Noticed a great orb of eyes
   697 | D:2      | Noticed a great orb of eyes
   697 | D:2      | Noticed a shining eye
   877 | D:2      | Noticed Sigmund
   884 | D:2      | 884 ||| DRINKING fuming purple potion.
   884 | D:2      | Gained mutation: You possess an exceptional clarity of
                  | mind. [potion of mutation]
   885 | D:2      | 885 ||| DRINKING fuming inky potion.
   895 | D:2      | Slain by Sigmund

Levels and vault maps discovered:
D:1:      dpeg_arrival_arbitrary_b, layout_rooms, minmay_misc_feat_enclosed,
          item_on_display_a
D:2:      layout_rooms, serial_shops, shop,
          hellmonk_ecumenical_altar_watching_god, uniq_sigmund

Skill      XL: |  1  2  3 |
---------------+----------+-----
Ranged Weapons | 5 |  5.0
Fighting       | |  2.8
Dodging        | |  1.5
Stealth        | |  1.1

Action                     || total
---------------------------++-------
   Fire: Shortbow          ||   125
    Use: Scroll            ||     3
         Potion            ||     2
 Armour: Leather armour    ||    24
  Dodge: Dodged            ||    20

Table legend:
 A = Non-vault XP
 B = Vault XP
 C = Vault XP percentage of total XP
 D = Non-vault monster count
 E = Vault monster count
 F = Vault count percentage of total count
                 A         B        C        D         E       F
            +---------+---------+-------+---------+---------+-------
      Total |      65 |       0 |   0.0 |      34 |       0 |   0.0
            +---------+---------+-------+---------+---------+-------
        D:1 |      39 |       0 |   0.0 |      22 |       0 |   0.0
        D:2 |      26 |       0 |   0.0 |      12 |       0 |   0.0
            +---------+---------+-------+---------+---------+-------
